 Dungeon Crawl Stone Soup version 0.30-a0-1094-g860fb061e7 (webtiles) character file.

Game seed: 17536852407803701890

126 Esekla the Sneak (level 5, -1/36 HPs)
             Began as an Octopode Delver on Apr 17, 2023.
             Was an Initiate of Gozag.
             Killed from afar by an orc wizard (14 damage)
             ... with a puff of flame
             ... on level 3 of the Dungeon.
             The game lasted 00:12:12 (2546 turns).

Esekla the Sneak (Octopode Delver)                  Turns: 2546, Time: 00:12:13

Health: -1/36      AC:  1    Str: 12    XL:     5   Next: 9%
Magic:  6/6        EV: 13    Int: 14    God:    Gozag
Gold:   405        SH:  0    Dex: 13    Spells: 4/6 levels left

rFire   . . .      SeeInvis .    a - +0 falchion
rCold   . . .      Faith    .    (no shield)
rNeg    . . .      Spirit   .    (helmet restricted)
rPois   .          Reflect  .    (no amulet)
rElec   .          Rampage  .    m - ring of willpower
rCorr   .                        (no ring)
Will    +....                    (no ring)
Stlth   ++++                     (no ring)
HPRegen 0.26/turn                (no ring)
MPRegen 0.10/turn                (no ring)
                                 (no ring)
                                 (no ring)

@: gold aura
A: almost no armour, amphibious, 8 rings, camouflage 1, gelatinous body 1,
(nimble swimmer 1), tentacles
a: Renounce Religion, Potion Petition, Call Merchant, Bribe Branch


You were on level 3 of the Dungeon.
You worshipped Gozag.
Gozag was aware of your devotion.
You visited 2 branches of the dungeon, and saw 6 of its levels.

You collected 420 gold pieces.
You paid 15 gold pieces to Gozag.

Inventory:

Hand Weapons
 a - a +0 falchion (weapon)
 r - a +0 spear
 s - a +0 dagger
Missiles
 g - 2 poisoned darts (quivered)
Jewellery
 m - a ring of willpower (left tentacle)
Wands
 f - a wand of digging (3)
Scrolls
 b - 2 scrolls of fog
 d - a scroll of fear
 k - 2 scrolls of blinking {unknown}
 o - a scroll of brand weapon {unknown}
 p - a scroll of amnesia {unknown}
 q - a scroll of summoning {unknown}
Potions
 c - 2 potions of lignification {unknown}
 e - 2 potions of haste
 h - 2 potions of might {unknown}
 i - 3 potions of curing
 j - 2 potions of mutation {unknown}
 l - a potion of attraction {unknown}
 n - a potion of brilliance {unknown}


   Skills:
 * Level 3.3 Fighting
 * Level 3.3 Long Blades
 * Level 2.4 Dodging
 + Level 7.3 Stealth
 * Level 1.1 Spellcasting
 * Level 1.0 Translocations


You had 4 spell levels left.
You knew the following spells:

 Your Spells              Type           Power      Damage    Failure   Level
b - Blink                 Tloc           6%         N/A       26%         2

Your spell library contained the following spells:

 Spells                   Type           Power      Damage    Failure   Level
 Summon Small Mammal      Summ           0%         N/A       26%         1
 Lesser Beckoning         Tloc           6%         N/A       26%         2
 Momentum Strike          Conj/Tloc      4%         3d8       32%         2
 Call Canine Familiar     Summ           0%         N/A       61%         3
 Summon Guardian Golem    Hex/Summ       0%         N/A       61%         3
 Tukima's Dance           Hex            0%         N/A       61%         3
 Passage of Golubria      Tloc           3%         N/A       86%         4
 Yara's Violent Unravell  Hex/Tmut       0%         3d3       100%        5


Dungeon Overview and Level Annotations

Branches:
Dungeon (5/15)             Temple (1/1) D:5

Altars:
Cheibriados
Dithmenos
Elyvilon
Gozag
Kikubaaqudgha
Sif Muna
Vehumet
Wu Jian
Yredelemnul
Zin

Annotations:
D:4 1 runed translucent door


Innate Abilities, Weirdness & Mutations

You cannot wear most types of armour.
You are amphibious.
You can wear up to eight rings at the same time.
Your skin changes colour to match your surroundings (Stealth+).
Your rubbery body absorbs attacks. (AC +1, EV +1)
((You are camouflaged when in or above water. (Stealth+)))
You have tentacles for arms and can constrict up to eight enemies at once.


Message History

The endoplasm is heavily wounded.
The endoplasm closely misses you. The endoplasm hits you.
* * * LOW HITPOINT WARNING * * *
You hit the endoplasm.
You kill the endoplasm!
You start resting.
An orc is nearby!
You closely miss the orc. Your grab misses the orc. You squeeze the orc.
The orc is lightly wounded.
The orc hits you with a +0 short sword.
* * * LOW HITPOINT WARNING * * *
You slash the orc!
You kill the orc!
You start resting.
An orc is nearby!
The orc shouts!
You hit the orc. Your grab misses the orc. You squeeze the orc.
You kill the orc!
You hear a shout!
You start resting.
An orc is nearby!
You hit the orc but do no damage. Your grab misses the orc.
The orc is distracted by your dazzling golden aura.
You barely miss the orc.
The orc is no longer distracted by gold.
The orc shouts!
You grab the orc. You squeeze the orc!
You kill the orc!
You start resting.
An orc wizard is nearby!
You closely miss the orc wizard. You grab the orc wizard.
You constrict the orc wizard.
The orc wizard hits you with a +0 dagger.
You hit the orc wizard.
The orc wizard is lightly wounded.
You constrict the orc wizard. The orc wizard casts a spell at you.
The puff of flame hits you!
You die...
Your body crumbles into a pile of gold.

..##############)...########.####
...###..........######## ###...
.........#.....####....## ###).
...###.. #....## #.8oo8.# ##.##.
...#.#..##...## ..oo.?# #...##
..##.#......## #oo.J# ##.###
..<..#.###.#### ###.##.######'###
...#.#.####...###$##''##.#8#.8.#8
.....#.##..###.+@#...o.)#...#.#..
.#####....#...###o##''##.#8#.8.#8
.# #..##.#### ###.##)##########
.# #..# ..# ##....##
.#####..##...# #......#
........##....# #.8..8.#
######..##.....# ##....## ##.#
......# ###### ..# #######


You could see an orc wizard.

Vanquished Creatures
  An orc wizard (D:3)
  4 adders
  A dart slug (D:2)
  7 orcs (D:3)
  2 ball pythons
  9 endoplasms
  3 giant cockroaches
  3 goblins
  2 hobgoblins
  6 kobolds
  8 quokkas
  2 bats (D:1)
  2 frilled lizards
  4 rats
54 creatures vanquished.

Notes
Turn   | Place    | Note
-------+----------+-------------------------------------------
     0 | D:5      | Esekla the Octopode Delver began the quest for the Orb.
     0 | D:5      | Reached XP level 1. HP: 16/16 MP: 1/1
    13 | D:5      | Found a staircase to the Ecumenical Temple.
    19 | Temple   | Entered the Ecumenical Temple
   231 | D:5      | Noticed a centaur
   245 | D:5      | Noticed a hound
   463 | Temple   | Became a worshipper of Gozag Ym Sagoz the Greedy
   506 | D:4      | Found a runed translucent door.
   535 | D:4      | Noticed a bullfrog
   535 | D:4      | Noticed a gnoll bouda
   551 | D:4      | Noticed a black bear
   628 | D:2      | Reached XP level 2. HP: 11/21 MP: 2/2
   861 | D:1      | Reached skill level 7 in Stealth
   895 | D:1      | Reached XP level 3. HP: 26/26 MP: 3/3
  1017 | D:1      | Learned a level 2 spell: Blink
  1789 | D:2      | Reached XP level 4. HP: 30/31 MP: 5/5
  2500 | D:3      | Reached skill level 1 in Spellcasting
  2500 | D:3      | Reached skill level 1 in Translocations
  2500 | D:3      | Reached XP level 5. HP: 6/36 MP: 6/6
  2501 | D:3      | HP: 1/36 [frozen (4)]
  2546 | D:3      | Killed from afar by an orc wizard

Illustrated notes

Levels and vault maps discovered:
D:1:      dpeg_arrival_tiny_j, layout_basic
D:2:      layout_loops_ring
D:3:      layout_basic, wad_orctagon
D:4:      cheibrodos_pilgrimage, layout_cave_pods,
          mainiacjoe_overflow_six_doors_small, okawaru_ov_weapons_minmay,
          ebering_ghost_sewer_d, chequers_serial_rivers_large_a
D:5:      layout_gridville, minmay_temple_entry_waves, minmay_lizard_king,
          uniq_prince_ribbit1
Temple:   nicolae_temple_slightly_damp_pantheon

Skill      XL: |  1  2  3  4 |
---------------+-------------+-----
Stealth        | 7 |  7.3
Long Blades    | 3 |  3.3
Spellcasting   | 1 |  1.1
Translocations | 1 |  1.0
Fighting       | |  3.3
Dodging        | |  2.4

Action                     |  1- 3 |  4- 6 || total
---------------------------+-------+-------++-------
  Melee: Falchion          |    68 |    46 ||   114
         Constrict         |    15 |     8 ||    23
         Punch             |     1 |       ||     1
         Tentacles         |    11 |    11 ||    22
    Use: Scroll            |     1 |       ||     1
         Potion            |       |     1 ||     1
   Stab: Sleeping          |    14 |     2 ||    16
         Distracted        |       |     2 ||     2
 Armour: Skin              |     1 |     3 ||     4
  Dodge: Dodged            |    27 |    13 ||    40

Table legend: (Time is in decaauts)
 A = Elapsed time spent in this place.
 B = Non-inter-level travel time spent in this place.
 C = Inter-level travel time spent in this place.
 D = Time resting spent in this place.
 E = Time spent auto-exploring this place.
 F = Levels seen in this place.
 G = Mean time per level.
                   A        B        C        D        E       F      G
               +--------+--------+--------+--------+--------+-----+--------+
         Total |   2565 |   2421 |    144 |    303 |    807 |   6 |  427.5 |
       Dungeon |   2409 |   2308 |    101 |    303 |    726 |   5 |  481.8 |
        Temple |    155 |    112 |     43 |      0 |     81 |   1 |  155.0 |
               +--------+--------+--------+--------+--------+-----+--------+

Top non-repeatable levels by time:
     D:2: 841 daAuts
     D:1: 725 daAuts
     D:3: 442 daAuts
     D:5: 341 daAuts
  Temple: 155 daAuts
     D:4: 59 daAuts
